 Dungeon Crawl Stone Soup version 0.19-a0-1931-gf4bb0bd (webtiles) character file.

26 harlan the Magician (level 3, -2/24 HPs)
             Began as a Human Wanderer on Oct 25, 2016.
             Slain by a hobgoblin
             ... wielding a +0 club
              (6 damage)
             ... on level 1 of the Dungeon.
             The game lasted 00:09:25 (1154 turns).

harlan the Magician (Human Wanderer)                Turns: 1154, Time: 00:09:25

Health: -2/24      AC:  2    Str: 11    XL:     3   Next: 22%
Magic:  6/8        EV: 11    Int: 13    God:
Gold:   52         SH:  0    Dex: 13    Spells: 1 memorised, 8 levels left

rFire  . . .     SeeInvis .     d - +0 dagger
rCold  . . .     Gourm    .     c - +0 robe
rNeg   . . .     Faith    .     (no shield)
rPois  .         Spirit   .     (no helmet)
rElec  .         Reflect  .     (no cloak)
rCorr  .         Harm     .     (no gloves)
MR     .....     Clarity  +     (no boots)
Stlth  ++........               (no amulet)
                                (no ring)
                                (no ring)

@: no status effects
A: clarity
a: no special abilities


You were on level 1 of the Dungeon.
You were not hungry.

You visited 1 branch of the dungeon, and saw 1 of its levels.

You collected 52 gold pieces.

Inventory:

Hand Weapons
 d - a +0 dagger (weapon)
 e - a +0 dagger
 g - a +0 dagger
 k - a +0 short sword
 l - a +0 dagger
 m - a +1 short sword of freezing
Armour
 c - a +0 robe (worn)
Scrolls
 i - a scroll of identify
Potions
 p - a potion of brilliance
Books
 a - a book of Frost

   Spells                             Type                      Level
   a - Freeze                         Ice                          1
   b - Throw Frost                    Conjuration/Ice              2
   c - Ozocubu's Armour               Charms/Ice                   3
   d - Throw Icicle                   Conjuration/Ice              4
   e - Summon Ice Beast               Ice/Summoning                4
 b - the Handbook of Displacement

   Spells                             Type                      Level
   a - Shroud of Golubria             Charms/Translocation         2
   b - Blink                          Translocation                2


   Skills:
 + Level 0.2 Fighting
 + Level 0.4 Dodging
 + Level 1.2 Stealth
   Level 1.0 Shields
 + Level 3.6 Spellcasting
 + Level 2.2 Ice Magic
   Level 1.0 Air Magic
   Level 2.0 Poison Magic


You had 8 spell levels left.
You knew the following spells:

 Your Spells              Type           Power        Failure   Level  Hunger
a - Freeze                Ice            #...         10%         1    #......


Dungeon Overview and Level Annotations

Branches:
Dungeon (1/15)

Altars:


Innate Abilities, Weirdness & Mutations

You possess an exceptional clarity of mind.


Message History

* * * LOW HITPOINT WARNING * * *
Casting: Freeze
Confirm with . or Enter, or press ? or * to list all spells.
Aiming: Freeze
Press: ? - help, Shift-Dir - straight line, f - bat
Aim: a bat (moderately wounded)
You freeze the bat.
You kill the bat!
The kobold completely misses you.
Casting: Freeze
Confirm with . or Enter, or press ? or * to list all spells.
Aiming: Freeze
Press: ? - help, Shift-Dir - straight line, f - hobgoblin
Aim: a hobgoblin, wielding a club You freeze the hobgoblin.
The hobgoblin is severely wounded.
The kobold hits you with a whip.
* * * LOW HITPOINT WARNING * * *
The hobgoblin hits you with a club.
You die...

*,,,,,,,*,****,,,** *,,* *,*
*,***,***,**#.#.#.###.,* *,#
*,***,**,*,,......,...,****>#
,,,**,*,***,*.#.#.*#..,,,##.##
*,,**,,** **,#...###.#**.#...#*
*,,**h** #*,...,..K# *......***
*,,**..** ##.##.#**#.###.....),,,
,,,,,..h*##....g####..........***
,,,,*,,..#.***#.@K............,**
*,,******..#* ########.###....,,,
*,,* ##,#.##########÷# ****#,**
,,,* #.###........÷..# *,** *,**
*#.#.############ *,* *,*****
#..## *,* *,,,,,* #.## *,*
,,,**,* #.# *,* **,**,* #.# *,*


You could see a hobgoblin and a kobold.

Vanquished Creatures
  A leopard gecko (D:1)
  3 bats (D:1)
  A goblin (D:1)
  6 hobgoblins (D:1)
  4 jackals (D:1)
  4 kobolds (D:1)
  A rat (D:1)
20 creatures vanquished.

Notes
Turn   | Place    | Note
-------+----------+-------------------------------------------
     0 | D:1      | harlan the Human Wanderer began the quest for the Orb.
     0 | D:1      | harlan set off with: a book of Frost, the Handbook of Displacement, a +0 robe, a +0 dagger, a bread ration
     0 | D:1      | Reached XP level 1. HP: 13/13 MP: 4/4
    11 | D:1      | Identified the Handbook of Displacement
    13 | D:1      | Learned a level 1 spell: Freeze
    56 | D:1      | Reached XP level 2. HP: 7/19 MP: 3/6
   768 | D:1      | Gained mutation: You have supernaturally acute eyesight. (SInv) [potion of mutation]
   768 | D:1      | Lost mutation: You have supernaturally acute eyesight. (SInv) [potion of mutation]
   768 | D:1      | Gained mutation: You possess an exceptional clarity of mind. [potion of mutation]
   867 | D:1      | Reached XP level 3. HP: 13/24 MP: 8/8
  1154 | D:1      | Slain by a hobgoblin

Vault maps used:
D:1:      saegor_arrival_simple_b

Action                   || total
-------------------------++-------
Melee: Dagger            ||    49
 Cast: Freeze            ||    26
  Use: Scroll            ||     4
       Potion            ||     3
 Stab: Sleeping          ||     1
  Eat: Bread ration      ||     1
Armor: Robe              ||    18
Dodge: Dodged            ||    49
